 Dungeon Crawl Stone Soup version 0.28-b1-25-g9875b3fc8c (webtiles) character file.

Game seed: 981745684544487871

105 unlimited1921 the Skirmisher (level 4, -5/41 HPs)
             Began as a Hill Orc Fighter on Feb 1, 2022.
             Slain by Grinder (8 damage)
             ... on level 3 of the Dungeon.
             The game lasted 00:08:04 (2362 turns).

unlimited1921 the Skirmisher (Hill Orc Fighter)     Turns: 2362, Time: 00:08:04

Health: -5/41      AC: 11    Str: 18    XL:     4   Next: 81%
Magic:  13/13      EV:  9    Int:  8    God:
Gold:   60         SH:  4    Dex: 10    Spells: 3/3 levels left

rFire   + . .      SeeInvis .   a - +0 war axe
rCold   . . .      Faith    .   c - +0 buckler
rNeg    + . .      Spirit   .   b - +0 scale mail
rPois   +          Reflect  .   (no helmet)
rElec   .          Harm     .   f - +0 cloak
rCorr   .          Rampage  .   u - +0 pair of gloves of Defence {rPois rF+ rN+}
Will    .....                   (no boots)
Stlth   ..........              (no amulet)
HPRegen 0.13/turn               k - ring of magical power
MPRegen 0.13/turn               (no ring)

@: no status effects
A: iridescent scales 1, weak 1
a: no special abilities


You were on level 3 of the Dungeon.
You visited 1 branch of the dungeon, and saw 3 of its levels.

You collected 93 gold pieces.
You spent 33 gold pieces at shops.

Inventory:

Hand Weapons
 a - a +0 war axe (weapon)
 h - a +1 vampiric spear
 l - a +0 mace of protection
 n - a +0 short sword of venom
 p - a +0 hunting sling
Missiles
 i - 3 javelins
 m - 6 poisoned darts (quivered)
 s - 22 sling bullets
Armour
 b - a +0 scale mail (worn)
 c - a +0 buckler (worn)
 f - a +0 cloak (worn)
 u - the +0 pair of gloves of Defence (worn) {rPois rF+ rN+}
   (You found it on level 3 of the Dungeon)

   rF:        It protects you from fire.
   rPois:     It protects you from poison.
   rN:        It protects you from negative energy.
Jewellery
 k - a ring of magical power (left hand)
Scrolls
 e - 2 scrolls of brand weapon {unknown}
 o - a scroll of magic mapping {unknown}
 v - a scroll of summoning {unknown}
 w - a scroll of vulnerability {unknown}
Potions
 d - a potion of might
 q - a potion of heal wounds
 r - a potion of mutation
 t - a potion of degeneration {unknown}


   Skills:
 * Level 4.8 Fighting
 + Level 4.1 Axes
 + Level 4.0 Armour
 + Level 0.3 Dodging
 + Level 0.3 Stealth
 + Level 3.4 Shields


You had 3 spell levels left.
You didn't know any spells.
Your spell library contained the following spells:

 Spells                   Type           Power      Damage    Failure   Level
 Ozocubu's Armour         Ice            0%         N/A       99%         3
 Malign Gateway           Summ/Tloc      0%         N/A       100%        7
 Ozocubu's Refrigeration  Ice            0%         4d5       100%        7
 Summon Horrible Things   Summ           0%         N/A       100%        8


Dungeon Overview and Level Annotations

Branches:
Dungeon (3/15)

Altars:

Shops:
D:1 (   D:3 (

Annotations:
D:3 1 runed translucent door, Crazy Yiuf, Grinder


Innate Abilities, Weirdness & Mutations

You are partially covered in iridescent scales. (AC +2)
You are weak. (Str -2)


Message History

Unknown command.
It was a potion of mutation.
You feel extremely strange.
You feel weaker.
Iridescent scales grow over part of your body.
Grinder barely misses you.
Grinder blinks!
Found a stone staircase leading down.
A ball python comes into view.
The ball python hisses angrily.
You hear an angry hiss.
An adder comes into view.
The adder hisses angrily.
You see here 3 javelins.
i - 3 javelins You block the ball python's attack.
The ball python closely misses you.
You are too injured to fight recklessly!
You are too injured to fight recklessly!
You are too injured to fight recklessly!
You closely miss the ball python. The ball python barely misses you.
The ball python closely misses you.
You barely miss the adder. The adder completely misses you.
You hit the adder.
The adder is severely wounded.
You block the adder's attack. The adder bites you.
You barely miss the adder.
The adder is severely wounded.
You block the adder's attack. The adder bites you.
* * * LOW HITPOINT WARNING * * *
You closely miss the adder.
The adder is severely wounded.
You hit Grinder. The adder bites you but does no damage.
Grinder closely misses you. You block the adder's attack. Grinder hits you!
* * * LOW HITPOINT WARNING * * *
You writhe in agony.
* * * LOW HITPOINT WARNING * * *
There are monsters nearby!
As you read the scroll labelled LUUP LENYFOFF, it crumbles to dust.
It is a scroll of identify.
q - a potion of heal wounds You block the adder's attack.
Grinder hits you!
You die...

# ...# #....## #....# .
#....### .# #...... ...
#....# .... #....# ..>.#
#....###########.....#
###^###(.=.....5@SS....#
....(.(.##########.....#
#..###### ...## ..##
.... ### .## .# #


You could see Grinder, an adder and a ball python.

Vanquished Creatures
  4 adders
  A worm (D:2)
  5 dart slugs
  6 bats
  8 endoplasms
  A giant cockroach (D:1)
  3 goblins
  2 hobgoblins (D:2)
  4 jackals (D:1)
  6 kobolds
  2 quokkas
  5 ball pythons
  3 frilled lizards
  4 rats
54 creatures vanquished.

Vanquished Creatures (others)
  A fungus (D:1)
  A plant (D:1)
2 creatures vanquished.

Grand Total: 56 creatures vanquished

Notes
Turn   | Place    | Note
-------+----------+-------------------------------------------
     0 | D:1      | unlimited1921 the Hill Orc Fighter began the quest for the
                  | Orb.
     0 | D:1      | Reached XP level 1. HP: 19/19 MP: 1/1
    86 | D:1      | Found Vemuj's Antique Weapon Shoppe.
   143 | D:1      | Reached XP level 2. HP: 27/27 MP: 2/2
   842 | D:1      | Found a faded altar of an unknown god.
   845 | D:1      | Reached XP level 3. HP: 33/33 MP: 3/3
  1417 | D:2      | Reached XP level 4. HP: 39/41 MP: 4/4
  2105 | D:3      | Found a runed translucent door.
  2106 | D:3      | Noticed Crazy Yiuf
  2146 | D:3      | Identified the +0 pair of gloves of Defence {rPois rF+ rN+}
  2243 | D:3      | Found Hixkeu's Weapon Shop.
  2279 | D:3      | Bought 6 poisoned darts for 33 gold pieces
  2322 | D:3      | Noticed Grinder
  2327 | D:3      | Paralysed by Grinder for 4 turns
  2337 | D:3      | Paralysed by Grinder for 2 turns
  2342 | D:3      | Paralysed by Grinder for 5 turns
  2351 | D:3      | Gained mutation: You are weak. (Str -2) [potion of
                  | mutation]
  2351 | D:3      | Gained mutation: You are partially covered in iridescent
                  | scales. (AC +2) [potion of mutation]
  2362 | D:3      | Slain by Grinder

Illustrated notes

Levels and vault maps discovered:
D:1:      minmay_arrival_pointy, layout_basic, serial_shops, shop,
          shapermc_ecumenical_altar_petra, minmay_pentomino_z2
D:2:      minmay_wonky_spiral, layout_rooms
D:3:      layout_rooms, serial_shops, nicolae_shop_competitors_out_of_business,
          interstate_on_off, corexii_shack, minmay_crystal_water,
          minmay_misc_feat_cross, uniq_grinder, uniq_crazy_yiuf_cottage

Skill      XL: |  1  2  3  4 |
---------------+-------------+-----
Axes           | 3 4 |  4.1
Fighting       | 4 |  4.8
Armour         | 4 |  4.0
Dodging        | |  0.3
Stealth        | |  0.3
Shields        | |  3.4

Action                   |  1- 3 |  4- 6 || total
-------------------------+-------+-------++-------
Melee: War axe           |    76 |    61 ||   137
Throw: Javelin           |     3 |     4 ||     7
       Dart              |       |     3 ||     3
  Use: Potion            |       |     2 ||     2
       Scroll            |       |     1 ||     1
Armor: Scale mail        |    57 |    27 ||    84
Dodge: Dodged            |    54 |    26 ||    80
Block: Buckler           |    25 |    16 ||    41
